 Dungeon Crawl Stone Soup version 0.19.0-11-g3fc08b3 (console) character file.

411609 Morrissey the Slayer (level 23, -3/168 HPs)
             Began as a Gargoyle Berserker on Nov 9, 2016.
             Was the Champion of Trog.
             Killed from afar by a Hell Sentinel (15 damage)
             ... with an iron shot
             ... summoned by a deep elf demonologist
             ... on level 3 of the Elven Halls on Nov 10, 2016.
             The game lasted 02:20:26 (54153 turns).

Morrissey the Slayer (Gargoyle Berserker)          Turns: 54153, Time: 02:20:27

Health: -3/168     AC: 41    Str: 28    XL:     23   Next: 52%
Magic:  0/37       EV: 19    Int: 11    God:    Trog [******]
Gold:   730        SH:  3    Dex: 14    Spells: 0 memorised, 22 levels left

rFire  . . .     SeeInvis +     b - +5 great mace (holy)
rCold  x . .     Gourm    .     Y - +4 moon troll leather armour {Spirit, Regen++ MP+5}
rNeg   + + .     Faith    .     (shield currently unavailable)
rPois  ∞         Spirit   +     N - +0 mask of the Dragon {MR+ Slay+3 SInv}
rElec  +         Reflect  +     K - +2 cloak
rCorr  .         Harm     .     A - +2 pair of gloves {Dex+3}
MR     +++++                    Q - +2 pair of boots {run}
Stlth  +.........               m - +3 amulet of reflection
                                S - ring "Zastut" {rElec rC- MR+++ MP+9 Slay-4}
                                s - ring of positive energy

@: flying, regenerating, quick
A: big wings, agile 1, negative energy resistance 1, electricity resistance,
unbreathing, petrification resistance, rot immunity, AC +17
a: Stop Flying, Berserk, Trog's Hand, Brothers in Arms, Burn Spellbooks,
Renounce Religion
}: 2/15 runes: decaying, serpentine


You were on level 3 of the Elven Halls.
You worshipped Trog.
Trog was exalted by your worship.
You were not hungry.

You visited 7 branches of the dungeon, and saw 38 of its levels.
You visited the Abyss 1 time.
You visited 1 bazaar.
You also visited: Trove, Bailey and Ice Cave.

You collected 4147 gold pieces.
You spent 3417 gold pieces at shops.

Inventory:

Hand Weapons
 a - the +6 great mace of Absolution {speed, Str+4}
   (Trog gifted it to you on level 4 of the Vaults)

   Attacks with this weapon are significantly faster.
   It affects your strength (+4).
 b - a +5 great mace of holy wrath (weapon)
 n - a +2 eveningstar of venom
 p - the +7 great mace of Ifokag {speed, rElec Int+9}
   (You found it in a treasure trove)

   Attacks with this weapon are significantly faster.
   It affects your intelligence (+9).
   It insulates you from electricity.
Missiles
 G - 6 javelins of penetration (quivered)
Armour
 A - a +2 pair of gloves of dexterity (worn)
 B - the +6 chain mail "Reeme" {MR+ SInv, unknown}
   (You found it on level 4 of the Vaults)

   It affects your resistance to hostile enchantments.
   It lets you see invisible.
 J - a +2 plate armour of cold resistance
 K - a +2 cloak (worn)
 N - the +0 mask of the Dragon (worn) {MR+ Slay+3 SInv}
   (You found it in a treasure trove)

   It affects your accuracy and damage with ranged weapons and melee attacks
   (+3).
   It affects your resistance to hostile enchantments.
   It lets you see invisible.
 Q - a +2 pair of boots of running (worn)
 W - the +12 plate armour of Miracles {rPois rF+}
   (You bought it in a shop on level 3 of the Vaults)

   It protects you from fire.
   It protects you from poison.
 Y - the +4 moon troll leather armour (worn) {Spirit, Regen++ MP+5}
   (You found it in a treasure trove)

   It affects your magic capacity (+5).
   It increases your rate of regeneration.
Jewellery
 g - the ring "Fagibb" {MR+ Int+3 Dex+2}
   (You found it in a treasure trove)

   [ring of intelligence]

   It affects your intelligence (+3).
   It affects your dexterity (+2).
   It affects your resistance to hostile enchantments.
 m - a +3 amulet of reflection (around neck)
 s - a ring of positive energy (left hand)
 z - an uncursed amulet of regeneration
 S - the ring "Zastut" (right hand) {rElec rC- MR+++ MP+9 Slay-4}
   (You took it off a skeletal warrior on level 2 of the Vaults)

   [ring of magical power]

   It affects your accuracy and damage with ranged weapons and melee attacks
   (-4).
   It makes you vulnerable to cold.
   It insulates you from electricity.
   It affects your resistance to hostile enchantments.
   It affects your magic capacity (+9).
Wands
 h - a wand of hasting (4/9)
 j - a wand of teleportation (6/9)
 q - a wand of paralysis (6/24)
 r - a wand of hasting (3/9)
 t - a wand of heal wounds (0/9)
 y - a wand of iceblast (5/15)
 X - a wand of teleportation (5/9)
Scrolls
 d - 4 scrolls of fog
 f - 8 scrolls of teleportation
 i - 4 scrolls of fear
 k - 2 scrolls of holy word
 u - 4 scrolls of recharging
 x - 14 scrolls of remove curse
 I - a scroll of magic mapping {unknown}
Potions
 e - 4 potions of might
 l - a potion of resistance
 o - 2 potions of ambrosia
 v - 2 potions of cancellation
 D - a potion of brilliance
 E - a potion of magic
 H - 2 potions of invisibility
 L - 8 potions of curing
 O - 2 potions of haste
 R - 2 potions of cure mutation
 T - a potion of agility
Miscellaneous
 C - a lamp of fire
Comestibles
 c - 11 bread rations
 w - 2 beef jerkies
 F - 3 meat rations
 M - 4 chunks of flesh
 P - 17 fruits


   Skills:
 + Level 24.4 Fighting
 - Level 20.0 Maces & Flails
 + Level 24.4 Armour
 - Level 10.8 Dodging


You had 22 spell levels left.
You didn't know any spells.

Dungeon Overview and Level Annotations

Branches:
Dungeon (15/15)            Temple (0/1) D:7            Lair (6/6) D:9
  Swamp (4/4) Lair:2        Snake (4/4) Lair:2        Slime (0/5) Lair:6
    Orc (2/2) D:10            Elf (3/3) Orc:2        Vaults (4/5) D:13
  Crypt (0/3) Vaults:2     Depths (0/5) D:15

Altars:
Cheibriados
Dithmenos
Fedhas
Gozag
Okawaru
Ru
Trog
Vehumet
Zin
The Shining One
Beogh
Jiyva

Shops:
D:4 [   D:12 [   D:13 !   D:14 :   Orc:2 !%([   Elf:1 [   Elf:3 !
Snake:1 :=}=   Snake:4 (*!}!*!   Vaults:3 *[%   Vaults:4 *

Annotations:
D:14 exclusions: tormentor and 1 more exclusion


Innate Abilities, Weirdness & Mutations

You are resistant to torment.
Your stone body is resilient. (AC +17)
You are immune to poison.
Your large and strong wings let you fly indefinitely.
You resist negative energy. (rN+)
You are resistant to electric shocks. (rElec)
You can survive without breathing.
You are immune to petrification.
You are immune to rotting.
You are agile. (Dex +2)


Message History

You hit the Hell Sentinel but do no damage.
The Hell Sentinel is almost dead.
The deep elf archer shoots an arrow.
The arrow barely misses you. The Hell Sentinel gestures at you.
The sphere of damnation explodes!
The damnation engulfs you!
* * * LOW MAGIC WARNING * * *;
* * * LOW HITPOINT WARNING * * *
The damnation engulfs the Hell Sentinel.
The Hell Sentinel completely resists.
You hear a shout!
You feel better.
The hellwing swoops through the air toward you!
The hellwing hits you.
* * * LOW MAGIC WARNING * * *;
* * * LOW HITPOINT WARNING * * *
The hellwing closely misses you.
The deep elf archer shoots an arrow.
The arrow hits you but does no damage.
The deep elf demonologist casts a spell.
The Hell Sentinel gestures at you. The iron shot hits you!
* * * LOW MAGIC WARNING * * *
You die...

#........)'#########
##.........####.....##
#...........##.......##
#..e........#.........#
#...........#.........+
##........(##.........#
#.........##.........#
##.......###......<..#
#.1)@4..# ##.......'#
###1##### ##.....##)
#e# ######### #e# # #1#
#e# #e## #2e# ##.#


You could see a Hell Sentinel, a Tzitzimitl, a green death, an Executioner, 2
deep elf demonologists, 3 deep elf archers and a hellwing.

Vanquished Creatures
  Xtahua (Vaults:2)
  Saint Roka (Vaults:3)
  Nikola (Swamp:3)
  A bone dragon (Swamp:4)
  A tentacled monstrosity (Vaults:4)
  A deep elf blademaster (Elf:3)
  A lich (Vaults:3)
  A deep elf master archer (Elf:3)
  Frances (Snake:2)
  4 sphinxes
  A tentacled starspawn (Abyss:2)
  The ghost of moozooh the Brawler, an adept TrMo (Swamp:4)
  Gastronok (D:10)
  2 thorn hunters
  The ghost of GordonOverkill the Fencer, an adept HEBe of Trog (Swamp:4)
  9 nagarajas
  Kirke (Lair:4)
  The ghost of Froggeryz the Unseen, an adept KoBe of Trog (Swamp:1)
  13 vault wardens
  A deep elf sorcerer (Elf:1)
  6 stone giants
  5 very ugly things
  17 ironheart preservers
  5 entropy weavers
  3 deep elf demonologists (Elf:3)
  A dire elephant (D:15)
  Azrael (Snake:2)
  Snorg (Orc:2)
  5 ettins
  3 deep elf death magi
  9 yaktaur captains
  2 great orbs of eyes (Vaults:4)
  3 rakshasas
  4 fire dragons
  3 deep elf high priests
  4 ice dragons
  18 vault guards
  2 ghost crabs
  20 naga warriors
  25 hydras
  3 catoblepae (Lair:6)
  9 alligators
  15 centaur warriors
  18 death yaks
  12 anacondas
  8 death knights
  17 ogre magi
  2 deep troll shamans
  The ghost of blejac99 the Unseen, a journeyman FeMo of Dithmenos (Snake:1)
  2 deep troll earth magi (Vaults:3)
  16 naga sharpshooters
  An orc high priest (Orc:1)
  A thrashing horror (Abyss:2)
  33 dancing weapons
  13 shock serpents
  Nergalle (Lair:4)
  22 deep elf knights
  3 shadow wraiths
  13 spriggans
  2 salamander mystics (Snake:4)
  9 skeletal warriors
  A spatial maelstrom (Abyss:2)
  6 swamp dragons
  2 unseen horrors
  A fire crab (shapeshifter) (Vaults:3)
  9 sea snakes (Snake:4)
  12 deep trolls
  2 spectral hydras (Swamp:4)
  A glowing orange brain (Vaults:3)
  2 spriggan druids
  3 naga ritualists
  19 deep elf archers
  8 hill giants
  2 phantasmal warriors (Swamp:4)
  4 shambling mangroves
  3 wizards
  A mana viper (shapeshifter) (Elf:1)
  5 necromancers
  16 harpies
  20 ironbrand convokers
  6 mana vipers
  23 ugly things
  A frost giant zombie (Vaults:2)
  An orb spider (shapeshifter) (Elf:2)
  15 orc knights
  7 wolf spiders
  65 deep elf magi
  2 orc sorcerers
  A salamander (shapeshifter) (D:13)
  A fire giant zombie (Vaults:2)
  2 manticores (D:15)
  An oklob plant (Swamp:4)
  A worldbinder (Abyss:2)
  An elephant (shapeshifter) (D:15)
  8 cyclopes
  2 human zombies
  12 salamanders
  9 naga magi
  Joseph (D:8)
  22 vault sentinels
  6 guardian serpents
  Maurice (Orc:2)
  5 elephants (Lair:2)
  2 gargoyles
  An ice statue (Vaults:3)
  An apocalypse crab (Abyss:2)
  31 black mambas
  2 torpor snails
  2 smoke demons (Abyss:2)
  20 spiny frogs
  A kobold demonologist (D:10)
  7 komodo dragons
  41 yaktaurs
  2 swamp worm zombies (Swamp:4)
  4 rime drakes
  An efreet (Abyss:2)
  5 freezing wraiths
  An ancient zyme (Abyss:2)
  2 hydra zombies (Swamp:4)
  A merfolk (D:9)
  A wolf spider simulacrum (IceCv)
  25 hornets
  26 two-headed ogres
  11 tyrant leeches
  8 trolls
  A raiju (Abyss:2)
  17 blink frogs
  37 slime creatures
  2 spectral swamp dragons (Swamp:4)
  6 hippogriffs
  A dream sheep (shapeshifter) (Vaults:1)
  5 dream sheep (Lair:4)
  6 bog bodies
  Prince Ribbit (D:8)
  6 alligator zombies (Swamp:4)
  2 stone giant simulacra
  An ettin zombie (Vaults:2)
  A snapping turtle (shapeshifter) (Vaults:1)
  Sigmund (D:4)
  3 air elementals
  12 starcursed masses (Abyss:2)
  2 shadows
  7 water elementals
  8 redbacks
  4 tarantellas
  A tarantella (shapeshifter) (D:14)
  3 wraiths
  2 wyverns
  6 fire elementals
  3 basilisks
  30 yaks
  A steam dragon (D:12)
  3 golden eyes (shapeshifter)
  A hungry ghost (D:10)
  Menkaure (D:6)
  24 vampire mosquitoes
  5 mottled dragons
  58 nagas
  A spatial vortex (Abyss:2)
  4 wargs
  28 swamp worms
  22 insubstantial wisps
  15 water moccasins
  Duvessa (D:6)
  4 porcupines
  A hell hound (Snake:2)
  10 swamp drakes
  3 ice beasts
  3 sky beasts
  An elf skeleton (Vaults:1)
  47 orc warriors
  An eye of draining (shapeshifter) (Vaults:1)
  A black bear (D:9)
  8 phantoms
  5 swamp dragon zombies (Swamp:4)
  A necrophage (D:8)
  51 ogres
  An ogre (shapeshifter) (Vaults:3)
  5 boggarts (D:14)
  21 centaurs
  10 wolves
  14 crocodiles
  28 big kobolds
  Blork the orc (D:6)
  20 bullfrogs
  A gnoll sergeant (D:9)
  2 earth elementals (Elf:1)
  Dowan (D:6)
  A wyvern skeleton (D:12)
  3 small abominations (Abyss:2)
  3 water moccasin skeletons
  2 scorpions
  An elephant simulacrum (IceCv)
  7 killer bees
  11 wights
  6 electric eels
  8 howler monkeys
  4 crimson imps
  A human simulacrum (Vaults:2)
  A bullfrog zombie (D:9)
  10 hounds
  4 jellies
  18 orc priests
  15 orc wizards
  A quasit (D:7)
  A gnoll shaman (D:5)
  2 centaur skeletons
  13 worker ants
  An iguana (D:6)
  2 polar bear simulacra (IceCv)
  3 spectral swamp drakes (Swamp:4)
  61 gnolls
  13 adders
  A swamp drake zombie (Swamp:4)
  4 shadow imps
  2 oozes
  4 worms
  4 dart slugs
  6 leopard geckos
  98 orcs
  10 bats
  5 giant cockroaches
  9 goblins
  4 hobgoblins
  23 jackals
  2 quokkas
  2 ball pythons
  3 frilled lizards
  2 goblin skeletons (D:7)
  3 goblin zombies (D:7)
  2 hobgoblin zombies (D:7)
  2 jackal skeletons
  34 kobolds
  A kobold skeleton (D:7)
  2 kobold zombies (D:7)
  A leopard gecko skeleton (D:6)
  An orc skeleton (D:7)
  2 orc zombies (D:7)
  7 rats
  2 briar patches (Swamp:3)
1887 creatures vanquished.

Vanquished Creatures (others)
  A naga mage (Snake:4)
  A two-headed ogre (Vaults:2)
  A hornet (Swamp:4)
  A bog body (Swamp:3)
  A spriggan (Swamp:4)
  A human (Lair:5)
  5 insubstantial wisps (Swamp:4)
  A swamp drake (Swamp:3)
  A boggart (D:13)
  An ogre (Vaults:3)
  2 briar patches (Swamp:3)
  4 fungi
  12 plants
32 creatures vanquished.

Grand Total: 1919 creatures vanquished

Notes
Turn   | Place    | Note
-------+----------+-------------------------------------------
     0 | D:1      | Morrissey the Gargoyle Berserker began the quest for the Orb.
     0 | D:1      | Reached XP level 1. HP: 14/14 MP: 1/1
   548 | D:1      | Reached XP level 2. HP: 19/19 MP: 2/2
  1240 | D:2      | Reached XP level 3. HP: 22/23 MP: 3/3
  1420 | D:2      | Reached ** piety under Trog
  1604 | D:2      | Reached XP level 4. HP: 19/29 MP: 4/4
  1813 | D:2      | Found a glowing silver altar of Zin.
  1930 | D:3      | Found a bloodstained altar of Trog.
  1938 | D:3      | Found an iron altar of Okawaru.
  2118 | D:3      | Reached XP level 5. HP: 31/33 MP: 5/5
  2277 | D:4      | Noticed Sigmund
  2284 | D:4      | Killed Sigmund
  2284 | D:4      | Reached skill level 5 in Maces & Flails
  2284 | D:4      | Reached XP level 6. HP: 39/39 MP: 6/6
  2338 | D:4      | Found Duopnuj's Antique Armour Shop.
  2386 | D:4      | Noticed a phantom
  2403 | D:4      | Killed a phantom
  2403 | D:4      | Reached skill level 5 in Fighting
  2403 | D:4      | Reached XP level 7. HP: 31/44 MP: 7/7
  2997 | D:5      | Entered Level 5 of the Dungeon
  3466 | D:5      | Found a bloodstained altar of Trog.
  3485 | D:5      | Found a sacrificial altar of Ru.
  3502 | D:5      | Reached skill level 5 in Armour
  3719 | D:5      | Reached *** piety under Trog
  3730 | D:5      | Reached XP level 8. HP: 49/51 MP: 8/8
  3750 | D:5      | Found a shadowy altar of Dithmenos.
  4816 | D:5      | Reached **** piety under Trog
  5190 | D:6      | Reached XP level 9. HP: 48/56 MP: 9/9
  5196 | D:6      | Noticed Menkaure
  5201 | D:6      | Killed Menkaure
  5507 | D:6      | Noticed Duvessa
  5508 | D:6      | Noticed Dowan
  5513 | D:6      | Killed Duvessa
  5517 | D:6      | Killed Dowan
  5573 | D:6      | Noticed Blork the orc
  5586 | D:6      | HP: 3/85 [Blork the orc/puff of flame (9)]
  5592 | D:6      | Killed Blork the orc
  5965 | D:6      | Found a radiant altar of Vehumet.
  6141 | D:7      | Found a staircase to the Ecumenical Temple.
  6243 | D:7      | Found a glowing golden altar of the Shining One.
  6267 | D:7      | Reached ***** piety under Trog
  6576 | D:7      | Found a snail-covered altar of Cheibriados.
  6642 | D:7      | Reached skill level 10 in Maces & Flails
  6920 | D:8      | Noticed Joseph
  6934 | D:8      | Killed Joseph
  6934 | D:8      | Reached XP level 10. HP: 65/65 MP: 10/10
  7085 | D:8      | Noticed Prince Ribbit
  7089 | D:8      | Killed Prince Ribbit
  7594 | D:8      | Found a blossoming altar of Fedhas.
  8014 | D:9      | Found an opulent altar of Gozag.
  8035 | D:9      | Received a gift from Trog
  8330 | D:9      | Found a staircase to the Lair.
  8349 | D:9      | You fall through a shaft for 2 floors!
  8473 | D:11     | Reached XP level 11. HP: 26/71 MP: 11/11
  8543 | D:10     | Entered Level 10 of the Dungeon
  8552 | D:10     | Found a flagged portal.
  8644 | D:10     | Noticed a hill giant
  8654 | D:10     | Killed a hill giant
  8869 | Bailey   | Entered a bailey
  8971 | Bailey   | Noticed an orc knight
  8972 | Bailey   | Noticed an orc knight
  9001 | Bailey   | Killed an orc knight
  9177 | Bailey   | Killed an orc knight
  9258 | Bailey   | Identified a +1 pair of boots of running (You found it in a bailey)
  9630 | D:10     | Noticed Gastronok
  9650 | D:10     | Killed Gastronok
  9650 | D:10     | Reached skill level 10 in Fighting
  9650 | D:10     | Reached skill level 10 in Armour
  9741 | D:10     | Found a staircase to the Orcish Mines.
  9743 | D:10     | Noticed a hill giant
  9756 | D:10     | Killed a hill giant
  9961 | D:10     | Received a gift from Trog
 10676 | D:11     | Reached XP level 12. HP: 68/79 MP: 12/12
 11301 | D:11     | Found a portal to a secret trove of treasure.
 11477 | Lair:1   | Entered Level 1 of the Lair of Beasts
 11622 | Lair:1   | Reached ****** piety under Trog
 12517 | Lair:2   | Noticed a death yak
 12518 | Lair:2   | Noticed a death yak
 12546 | Lair:2   | Killed a death yak
 12631 | Lair:2   | Received a gift from Trog
 12726 | Lair:2   | Killed a death yak
 12819 | Lair:2   | Found a staircase to the Snake Pit.
 12975 | Lair:2   | Reached XP level 13. HP: 85/85 MP: 13/13
 13288 | Lair:2   | Found a staircase to the Swamp.
 13301 | Lair:2   | Reached skill level 15 in Maces & Flails
 14184 | Lair:3   | Received a gift from Trog
 14707 | Lair:4   | Noticed Nergalle
 14717 | Lair:4   | Killed Nergalle
 15785 | Lair:5   | Noticed Kirke
 15841 | Lair:4   | Killed Kirke
 16291 | Lair:6   | Entered Level 6 of the Lair of Beasts
 16301 | Lair:6   | Gained mutation: Your large and strong wings let you fly indefinitely. [Gargoyle growth]
 16301 | Lair:6   | Reached XP level 14. HP: 91/94 MP: 14/14
 16773 | Lair:6   | Found a viscous altar of Jiyva.
 16781 | Lair:6   | Found a staircase to the Slime Pits.
 18441 | Lair:6   | Reached XP level 15. HP: 93/100 MP: 15/15
 18746 | D:12     | Found Omack's Antique Armour Shoppe.
 19631 | D:13     | Found Ahiegeic's Distillery.
 19735 | D:13     | Received a gift from Trog
 19984 | D:13     | Found a gate to the Vaults.
 20074 | D:13     | Bought a potion of agility for 64 gold pieces
 20074 | D:13     | Bought a potion of agility for 64 gold pieces
 20074 | D:13     | Bought a potion of agility for 64 gold pieces
 20430 | D:14     | Found Lomal's Book Emporium.
 21214 | D:14     | You are sucked into a shaft!
 21214 | D:15     | Entered Level 15 of the Dungeon
 21563 | D:15     | Noticed a sphinx
 21576 | D:15     | Killed a sphinx
 21576 | D:15     | Reached skill level 15 in Fighting
 21864 | D:15     | Found a staircase to the Depths.
 22040 | D:15     | Reached skill level 15 in Armour
 22055 | D:15     | Cast into level 2 of the Abyss (skeletal warrior)
 22088 | Abyss:2  | Reached XP level 16. HP: 57/108 MP: 16/16
 22189 | Abyss:2  | Received a gift from Trog
 22256 | Abyss:2  | Noticed a tentacled starspawn
 22303 | Abyss:2  | Killed a tentacled starspawn
 22430 | D:15     | Escaped the Abyss
 22704 | D:15     | Paralysed by a floating eye for 4 turns
 23929 | Orc:1    | Entered Level 1 of the Orcish Mines
 23951 | Orc:1    | Found a frozen archway.
 23982 | IceCv    | Entered an ice cave
 24317 | Orc:1    | Found a roughly hewn altar of Beogh.
 24998 | Orc:2    | Entered Level 2 of the Orcish Mines
 25006 | Orc:2    | Noticed Snorg
 25021 | Orc:2    | Noticed Maurice
 25024 | Orc:2    | Killed Snorg
 25032 | Orc:2    | Received a gift from Trog
 25044 | Orc:2    | Killed Maurice
 25150 | Orc:2    | Found a staircase to the Elven Halls.
 25436 | Orc:2    | HP: 1/110 [orc warrior/glaive (7)]
 25975 | Orc:2    | Found Satur's Weapon Shop.
 25975 | Orc:2    | Found Xust's Food Emporium.
 25977 | Orc:2    | Found Argholue's Distillery.
 25979 | Orc:2    | Found Ysmomu's Armour Boutique.
 25995 | Orc:2    | Bought the +0 helmet of Disappointment {Dex+8 Stlth+} for 404 gold pieces
 26518 | Swamp:1  | Entered Level 1 of the Swamp
 26615 | Swamp:1  | Noticed Froggeryz's ghost (adept KoBe)
 26985 | Swamp:1  | Killed Froggeryz's ghost
 27270 | Swamp:1  | Received a gift from Trog
 28214 | Swamp:2  | Reached XP level 17. HP: 86/115 MP: 17/17
 28831 | Swamp:2  | Received a gift from Trog
 30609 | Swamp:3  | Noticed Nikola
 30621 | Swamp:3  | Killed Nikola
 30621 | Swamp:3  | Reached skill level 5 in Dodging
 30907 | Swamp:3  | Received a gift from Trog
 31150 | Swamp:4  | Entered Level 4 of the Swamp
 31258 | Swamp:4  | Noticed moozooh's ghost (adept TrMo)
 31283 | Swamp:4  | Killed moozooh's ghost
 31370 | Swamp:4  | Noticed GordonOverkill's ghost (adept HEBe)
 31386 | Swamp:4  | Killed GordonOverkill's ghost
 32545 | Swamp:4  | Reached skill level 10 in Dodging
 32598 | Swamp:4  | Noticed a bone dragon
 32598 | Swamp:4  | Reached XP level 18. HP: 75/122 MP: 18/18
 33191 | Swamp:4  | Killed a bone dragon
 33320 | Swamp:4  | Got a decaying rune of Zot
 33532 | Snake:1  | Entered Level 1 of the Snake Pit
 33554 | Snake:1  | Received a gift from Trog
 33719 | Snake:1  | Noticed blejac99's ghost (journeyman FeMo)
 33758 | Snake:1  | Killed blejac99's ghost
 34131 | Snake:1  | Found Beokha's Book Shoppe.
 34291 | Snake:1  | Found Ataumot's Jewellery Emporium.
 34291 | Snake:1  | Found Desoatoj's Gadget Shop.
 34292 | Snake:1  | Found Unnol's Jewellery Emporium.
 34672 | Snake:2  | Received a gift from Trog
 34860 | Snake:2  | Noticed Frances
 34875 | Snake:2  | Killed Frances
 34909 | Snake:2  | Noticed Azrael
 34926 | Snake:2  | Killed Azrael
 35502 | Snake:3  | Got a glittering iron ring
 35507 | Snake:3  | Identified the ring of Dyfeuw {Fire *Drain rElec Int+4} (You found it on level 3 of the Snake Pit)
 36706 | Snake:4  | Entered Level 4 of the Snake Pit
 36719 | Snake:4  | Found Uvetien's Distillery.
 36730 | Snake:4  | Found Ejiyrairr's Distillery.
 36730 | Snake:4  | Found Maotzu's Gadget Emporium.
 36733 | Snake:4  | Found Dutay's General Store.
 36766 | Snake:4  | Bought a potion of invisibility for 112 gold pieces
 36775 | Snake:4  | Bought a scroll of acquirement for 1040 gold pieces
 36803 | Snake:4  | Found Beh Iqenn's Distillery.
 36865 | Snake:4  | Found Juc Rowo's Assorted Antiques.
 36934 | Snake:4  | Reached XP level 19. HP: 96/131 MP: 19/19
 37148 | Snake:4  | Received a gift from Trog
 37297 | Snake:4  | Found Moosm's Weapon Shoppe.
 38216 | Snake:4  | Received a gift from Trog
 38659 | Snake:4  | Got a serpentine rune of Zot
 39122 | Lair:2   | Gained mutation: You are agile. (Dex +2) [potion of beneficial mutation]
 39347 | Vaults:1 | Entered Level 1 of the Vaults
 39829 | Vaults:1 | Paralysed by an ogre mage for 6 turns
 40040 | Vaults:1 | Received a gift from Trog
 40203 | Vaults:1 | Reached XP level 20. HP: 140/140 MP: 20/20
 41099 | Vaults:1 | Received a gift from Trog
 42259 | Vaults:2 | Got a pair of ichor-stained boots
 42383 | Vaults:2 | Received a gift from Trog
 42540 | Vaults:2 | Identified the +2 pair of boots "Doidiuw" {rElec MP+9 Stlth+} (You found it on level 2 of the Vaults)
 43368 | Vaults:2 | Reached XP level 21. HP: 125/148 MP: 21/21
 43402 | Vaults:2 | Received a gift from Trog
 43675 | Vaults:2 | Found a staircase to the Crypt.
 43994 | Vaults:2 | Got a shimmering turquoise ring
 43996 | Vaults:2 | Identified the ring "Zastut" {rElec rC- MR+++ MP+9 Slay-4} (You took it off a skeletal warrior on level 2 of the Vaults)
 44252 | Vaults:3 | Noticed Xtahua
 44543 | Vaults:2 | Killed Xtahua
 44957 | D:11     | You paid a toll of 8 potions of agility to enter a treasure trove
 44958 | Trove    | Entered a treasure trove
 45034 | Trove    | Got a bloodstained great mace
 45035 | Trove    | Identified the +7 great mace of Ifokag {speed, rElec Int+9} (You found it in a treasure trove)
 45362 | Trove    | Got a pitted brass ring
 45384 | Trove    | Identified the ring "Fagibb" {MR+ Int+3 Dex+2} (You found it in a treasure trove)
 46552 | Vaults:3 | Received a gift from Trog
 47047 | Vaults:3 | Found a gateway to a bazaar.
 47067 | Bazaar   | Entered a bazaar
 47071 | Bazaar   | Found Usanut's Food Shop.
 47085 | Bazaar   | Found Hasuna's General Store.
 47101 | Bazaar   | Found Xivueqy's Weapon Emporium.
 47130 | Bazaar   | Found Xato Leka's General Store.
 47160 | Bazaar   | Found Urghoaloih's Antique Armour Shoppe.
 47301 | Bazaar   | Bought a scroll of identify for 24 gold pieces
 47301 | Bazaar   | Bought a potion of curing for 36 gold pieces
 47344 | Bazaar   | Bought a scroll of teleportation for 48 gold pieces
 47397 | Vaults:3 | Noticed Saint Roka
 47431 | Vaults:3 | Killed Saint Roka
 47994 | Vaults:3 | Reached XP level 22. HP: 90/158 MP: 18/22
 48003 | Vaults:3 | Received a gift from Trog
 48004 | Vaults:3 | Found Piejaguth's Food Shop.
 48004 | Vaults:3 | Found Tesiehir's Antique Armour Shop.
 48015 | Vaults:3 | Found Zojoawo's General Store.
 48090 | Vaults:3 | Bought a dazzling plate armour for 1260 gold pieces
 48090 | Vaults:3 | Identified the +12 plate armour of Miracles {rPois rF+} (You bought it in a shop on level 3 of the Vaults)
 48623 | Vaults:4 | Found Uryar's Assorted Antiques.
 48635 | Vaults:4 | Bought a clouded bone ring for 215 gold pieces
 48635 | Vaults:4 | Bought a scroll of identify for 86 gold pieces
 48635 | Vaults:4 | Identified the ring of Yzacviuf {*Corrode rPois MR- Str+3 Int+8} (You bought it in a shop on level 4 of the Vaults)
 49723 | Vaults:4 | Received a gift from Trog
 49934 | Vaults:4 | Received a gift from Trog
 49944 | Vaults:4 | Got a pitted great mace {god gift}
 49949 | Vaults:4 | Identified the +6 great mace of Absolution {speed, Str+4} (Trog gifted it to you on level 4 of the Vaults)
 50180 | Vaults:4 | Got a smelly chain mail
 51088 | Elf:1    | Entered Level 1 of the Elven Halls
 51379 | Elf:1    | Received a gift from Trog
 51524 | Elf:1    | Found Ethijar's Antique Armour Shop.
 52264 | Elf:2    | Received a gift from Trog
 52334 | Elf:2    | Reached XP level 23. HP: 167/167 MP: 23/23
 52431 | Elf:2    | Received a gift from Trog
 52588 | Elf:2    | Found a runed gate.
 52588 | Elf:2    | Found a runed gate.
 52588 | Elf:2    | Found a runed gate.
 53070 | Elf:2    | Received a gift from Trog
 53357 | Elf:3    | Entered Level 3 of the Elven Halls
 53492 | Elf:3    | Found Kaikutof's Distillery.
 54152 | Elf:3    | HP: 8/168 [Hell Sentinel/damnation[a deep elf demonologist] (42)]
 54153 | Elf:3    | Killed from afar by a Hell Sentinel

Skill      XL: |  1  2  3  4  5  6  7  8  9 10 11 12 13 14 15 16 17 18 19 20 21 22 23 |
---------------+----------------------------------------------------------------------+-----
Maces & Flails | 4 5 6 7 8 10 11 13 14 16 17 18 20 | 20.0
Armour         | 3 4 5 6 8 9 10 11 13 14 15 16 18 19 21 22 23 24 | 24.4
Fighting       | 4 5 6 8 9 10 11 13 14 15 16 18 20 21 22 23 24 | 24.4
Dodging        | 10 | 10.8

Action                   |  1- 3 |  4- 6 |  7- 9 | 10-12 | 13-15 | 16-18 | 19-21 | 22-24 || total
-------------------------+-------+-------+-------+-------+-------+-------+-------+-------++-------
Melee: Mace              |    26 |       |   596 |   614 |       |       |       |       ||  1236
       Whip              |    99 |    80 |    31 |       |       |       |       |       ||   210
       Great mace        |       |       |       |   320 |  1048 |  1946 |  1574 |  1020 ||  5908
Throw: Javelin           |       |       |       |       |       |       |       |     1 ||     1
Invok: Berserk           |     1 |     2 |     5 |     9 |     8 |     6 |     1 |       ||    32
       Trog's Hand       |       |       |     5 |       |       |     3 |     2 |     1 ||    11
       Burn Spellbooks   |       |       |       |     1 |     3 |     1 |     2 |       ||     7
 Abil: Fly               |       |       |       |       |     2 |       |       |       ||     2
       Stop Flying       |       |       |       |       |     1 |       |       |       ||     1
Evoke: Wand              |       |       |       |       |       |     7 |    14 |     1 ||    22
  Use: Scroll            |       |       |     4 |    10 |    10 |    14 |    11 |     4 ||    53
       Potion            |       |       |     3 |     1 |     2 |     4 |     2 |     1 ||    13
 Stab: Petrifying        |       |       |       |       |       |     2 |       |       ||     2
       Distracted        |       |       |       |       |       |       |       |     1 ||     1
       Sleeping          |       |       |       |       |       |       |       |     1 ||     1
  Eat: Chunk             |     2 |     5 |    31 |    28 |    29 |    20 |    25 |    15 ||   155
       Bread ration      |       |       |       |       |       |     6 |     2 |     1 ||     9
       Meat ration       |       |       |       |       |       |     1 |       |       ||     1
       Fruit             |       |       |       |       |       |     1 |       |       ||     1
       Beef jerky        |       |       |       |       |       |     2 |     2 |       ||     4
Armor: Animal skin       |    34 |       |       |       |       |       |       |       ||    34
       Ring mail         |    14 |    20 |    36 |       |       |       |       |       ||    70
       Chain mail        |       |       |   363 |    11 |       |       |       |       ||   374
       Plate armour      |       |       |       |   659 |  1103 |  1612 |   798 |       ||  4172
       Troll leather arm |       |       |       |       |       |       |   125 |   305 ||   430
Dodge: Dodged            |    85 |    37 |   351 |   337 |   430 |   927 |  1011 |   388 ||  3566
Block: Other             |       |       |       |       |    64 |   210 |   161 |    72 ||   507
       Reflection        |       |       |       |       |     6 |     9 |     9 |     8 ||    32
